 Dungeon Crawl Stone Soup version 0.28-a0-1190-g77e1c55843 (webtiles) character file.

Game seed: 11186648621672965446

134936 freelancePsychic the Alchemist (level 17, -5/188 HPs)
             Began as a Merfolk Transmuter on Dec 19, 2021.
             Was a High Priest of Okawaru.
             Slain by a shock serpent (6 damage)
             ... on level 4 of the Snake Pit.
             The game lasted 01:22:38 (30227 turns).

freelancePsychic the Alchemist (MfTm)              Turns: 30227, Time: 01:22:39

Health: -5/188     AC: 32    Str: 11    XL:     17   Next: 18%
Magic:  0/33       EV: 22    Int: 16    God:    Okawaru [*****.]
Gold:   1306       SH:  0    Dex: 18    Spells: 11/26 levels left

rFire   + . .      SeeInvis .     - Unarmed
rCold   . . .      Faith    .   (no shield)
rNeg    + . .      Spirit   +   (armour currently unavailable)
rPois   ∞          Reflect  .   c - +2 hat of the Bear Spirit {Spirit, *Rage Will++}
rElec   +          Harm     .   K - +2 cloak {rPois}
rCorr   .          Rampage  .   (gloves currently unavailable)
Will    ++++.      Rage     20% (boots currently unavailable)
Stlth   +++.......              b - amulet of regeneration
HPRegen 1.21/turn               d - ring of magical power
MPRegen 0.23/turn               e - ring of protection from fire

@: statue-form, heroic, on berserk cooldown, slowed, constricted, very slow
A: slow and powerful, torment resistance 1, boosted hp, (nimble swimmer 2),
mertail, strong-willed 1, wild magic 1, no potion heal 1, sturdy frame 1
a: End Transformation, Renounce Religion, Heroism, Finesse, Duel


You were on level 4 of the Snake Pit.
You worshipped Okawaru.
Okawaru was extremely pleased with you.
You were a living statue of rough stone.
You visited 5 branches of the dungeon, and saw 28 of its levels.
You also visited: Gauntlet and Volcano.

You collected 2614 gold pieces.
You spent 1308 gold pieces at shops.

Inventory:

Missiles
 o - 3 throwing nets
 J - 6 silver javelins
 P - 4 silver boomerangs
Armour
 c - the +2 hat of the Bear Spirit (worn) {Spirit, *Rage Will++}
   (You acquired it on level 5 of the Dungeon)

   Going berserk makes the wearer tougher, and they're slowed less afterward.
   *Rage:     It berserks you when you make melee attacks (+20% chance).
   Will:      It greatly increases your willpower.
 s - a +2 pair of gloves (melded)
 x - +0 steam dragon scales (melded)
 K - a +2 cloak of poison resistance (worn)
 M - the +1 acid dragon scales of Wastruw {rN+ rCorr Int+6 Dex-4 SInv}
   (You found it in a Gauntlet)

   Int:       It affects your intelligence (+6).
   Dex:       It affects your dexterity (-4).
   rN:        It protects you from negative energy.
   SInv:      It lets you see invisible.
   rCorr:     It protects you from acid and corrosion.
 R - the +2 scale mail of Axoaloq {Will+ Str+4 SInv}
   (You bought it in a shop on level 12 of the Dungeon)

   Str:       It affects your strength (+4).
   SInv:      It lets you see invisible.
   Will:      It increases your willpower.
 S - a +0 pair of boots (melded)
 Z - a +0 buckler
Jewellery
 b - an amulet of regeneration (around neck)
 d - a ring of magical power (left fist)
 e - a ring of protection from fire (right fist)
 m - an amulet of the acrobat
 n - a ring of ice
 r - a +6 ring of strength
 D - a +4 ring of evasion
 G - a ring of positive energy
 Y - a ring of protection from cold
Wands
 i - a wand of acid (13)
 t - a wand of flame (119)
 v - a wand of digging (15)
 H - a wand of polymorph (10)
 L - a wand of iceblast (19)
Scrolls
 a - a scroll of magic mapping
 y - 6 scrolls of teleportation {@r4}
 A - 3 scrolls of amnesia
 B - 5 scrolls of brand weapon
 E - a scroll of silence
 F - 5 scrolls of fog
 I - 3 scrolls of immolation
 O - 3 scrolls of enchant armour
 Q - a scroll of enchant weapon
 U - a scroll of noise {unknown}
 V - a scroll of holy word {unknown}
 W - a scroll of identify {@r1}
Potions
 f - 2 potions of mutation
 g - 5 potions of ambrosia
 h - 5 potions of haste {@q3}
 j - 3 potions of magic
 k - 2 potions of brilliance
 l - 5 potions of flight
 p - 8 potions of heal wounds {@q2}
 q - 5 potions of berserk rage
 u - 6 potions of curing {@q1}
 w - 2 potions of lignification
 z - 2 potions of invisibility
 C - a potion of might
 T - a potion of cancellation {unknown}
 X - a potion of resistance {unknown}


   Skills:
 + Level 16.5(21.5) Fighting
 + Level 14.5(19.5) Dodging
 + Level 1.5(6.5) Shields
 * Level 16.3(21.3) Unarmed Combat
 - Level 5.0 Spellcasting
 - Level 17.2 Transmutations
 - Level 2.1 Ice Magic
 - Level 10.0 Earth Magic
 - Level 2.6 Poison Magic
 - Level 7.0 Invocations


You had 11 spell levels left.
You knew the following spells:

 Your Spells              Type           Power      Damage    Failure   Level
a - Statue Form           Tmut/Erth      38%        N/A       13%         6
b - Spider Form           Tmut/Pois      46%        N/A       1%          3
c - Ice Form              Ice/Tmut       45%        N/A       4%          4
f - Wereblood             Tmut           67%        N/A       1%          2

Your spell library contained the following spells:

 Spells                   Type           Power      Damage    Failure   Level
 Beastly Appendage        Tmut           100%       N/A       1%          1
 Blade Hands              Tmut           33%        N/A       1%          5
 Lee's Rapid Deconstruct  Erth           23%        3d14*     11%         5
 Alistair's Intoxication  Tmut/Pois      30%        N/A       12%         5
 Yara's Violent Unravell  Hex/Tmut       20%        3d9       17%         5
 Apportation              Tloc           10%        N/A       22%         1
 Pain                     Necr           20%        1d5       22%         1
 Leda's Liquefaction      Hex/Erth       13%        N/A       26%         4
 Scorch                   Fire           10%        2d5       30%         2
 Static Discharge         Conj/Air       5%         N/A       30%         2
 Eringya's Noxious Bog    Tmut/Pois      23%        N/A       47%         6
 Gell's Gravitas          Tloc           5%         N/A       50%         3
 Lesser Beckoning         Tloc           5%         N/A       50%         3
 Portal Projectile        Hex/Tloc       10%        N/A       50%         3
 Teleport Other           Tloc           5%         N/A       50%         3
 Borgnjor's Vile Clutch   Necr/Erth      13%        N/A       56%         5
 Flame Wave               Conj/Fire      5%         2d4       88%         4
 Passage of Golubria      Tloc           5%         N/A       88%         4
 Iron Shot                Conj/Erth      13%        9d3       98%         6
 Agony                    Necr           5%         N/A       99%         5
 Excruciating Wounds      Necr           2%         N/A       99%         5
 Iskenderun's Battlesphe  Conj           5%         2d6       99%         5
 Lightning Bolt           Conj/Air       2%         1d14      99%         5
 Storm Form               Tmut/Air       20%        N/A       99%         7
 Dispersal                Tloc           2%         N/A       100%        6
 Maxwell's Capacitive Co  Air            2%         ∞         100%        8
 Tukima's Dance           Hex            Unusable   N/A       N/A         3
 Summon Lightning Spire   Summ/Air       Unusable   N/A       N/A         4
 Summon Cactus Giant      Summ           Unusable   N/A       N/A         6
 Spellforged Servitor     Conj/Summ      Unusable   N/A       N/A         7

Dungeon Overview and Level Annotations

Branches:
Dungeon (15/15)            Temple (1/1) D:7            Lair (6/6) D:11
  Swamp (0/4) Lair:2        Snake (4/4) Lair:3        Slime (0/5) Lair:6
    Orc (2/2) D:10            Elf (0/3) Orc:2        Vaults (0/5) D:14
 Depths (0/4) D:15        Volcano (visited)         Gauntlet (visited)

Altars:
Ashenzari
Cheibriados
Dithmenos
Elyvilon
Fedhas
Gozag
Hepliaklqana
Kikubaaqudgha
Makhleb
Nemelex Xobeh
Okawaru
Qazlal
Ru
Sif Muna
Trog
Uskayaw
Vehumet
Wu Jian
Xom
Yredelemnul
Zin
The Shining One

Shops:
D:3 [   D:4 *(   D:5 ![*?   D:10 !   D:12 [   D:15 (   Orc:2 [=(*   Snake:2 (

Annotations:
D:3 Grinder, Sigmund
D:14 Jorgrun
Lair:6 exclusion: 3 oklob plants


Innate Abilities, Weirdness & Mutations

You are a living statue of rough stone.
Your actions are slow, but your melee attacks are powerful.
You are resistant to unholy torment.
Your maximum health is greatly increased.
You are immune to poison.
Your equipment is partially melded.
((You are quick and stealthy near water. (Stealth+, EV+, Speed+++)))
Your lower body shifts to a powerful aquatic tail in water.
You are strong-willed. (Will+)
Your spells are a little harder to cast, but a little more powerful.
Potions are less effective at restoring your health.
Your movements are slightly less encumbered by armour. (ER -2)


Message History

The black mamba completely misses you. x2; The shock serpent misses you.
The anaconda bites you.
* * * LOW HITPOINT WARNING * * *
The anaconda constricts you.
* * * LOW HITPOINT WARNING * * *
The black mamba misses you. The black mamba barely misses you.
The shock serpent closely misses you.
The anaconda bites you but does no damage.
The anaconda constricts you. The black mamba misses you.
The black mamba bites you but does no damage.
The black mamba closely misses you. The shock serpent bites you!
* * * LOW HITPOINT WARNING * * *
The shock serpent shocks you. You resist.
* * * LOW HITPOINT WARNING * * *
The anaconda completely misses you. The anaconda constricts you.
* * * LOW HITPOINT WARNING * * *
The black mamba bites you but does no damage.
The black mamba barely misses you. x2
You escape the anaconda's grasp.
The shock serpent is no longer berserk.
The black mamba completely misses you. The shock serpent misses you.
The black mamba completely misses you. The shock serpent closely misses you.
The black mamba bites you!!
* * * LOW HITPOINT WARNING * * *
The shock serpent completely misses you.
The black mamba misses you. The anaconda grabs you.
The anaconda completely misses you. The anaconda constricts you.
* * * LOW HITPOINT WARNING * * *
The black mamba bites you but does no damage.
The shock serpent closely misses you. The black mamba closely misses you.
The anaconda completely misses you. The anaconda constricts you.
The black mamba completely misses you.
You see here a guardian serpent corpse.
Your system partially rejects the healing.
You feel much better.
The black mamba bites you but does no damage.
The black mamba completely misses you. The black mamba bites you!!
* * * LOW HITPOINT WARNING * * *
The black mamba misses you. The anaconda completely misses you.
The anaconda constricts you. The shock serpent bites you!
You die...

###... ##..##.#
......####..# #.#
#........###.###
#..............###
#..####.©.####...##
#.##..##### .###..#
#...#...??!!}S#..##.#
###..(.##.##..=###....#.#
....#..#.....#S8...#.##.#
#.#..#..# .##.SSSS#...#..#
....##..#......#..##S.#.##
.# #..##...#...#....#.#
.#####...#....#......##.#
.........#####..###.##..#
†####........####©###..##
.#####.<..##..........##
....##....###.#...#####


You could see an anaconda (slow), a shock serpent (slow) and 3 black mambas.

Vanquished Creatures
  Bai Suzhen (Snake:3)
  The ghost of louisi3 the Peltast, an adept TrMo of Wu Jian (Snake:4)
  Gastronok (Lair:3)
  Kirke (D:14)
  2 nagarajas
  An orc warlord (Arena)
  A minotaur (Gauntlet)
  3 dire elephants (Lair:6)
  A yaktaur captain (D:14)
  Fannar (Lair:1)
  A fire dragon (D:15)
  A salamander tyrant (Snake:2)
  6 naga warriors
  A boulder beetle (D:15)
  An ogre mage (D:15)
  An ice dragon (D:15)
  4 hydras
  8 anacondas
  A death knight (D:13)
  4 centaur warriors
  13 death yaks
  4 orc high priests (Orc:2)
  6 two-headed ogres
  7 shock serpents
  A naga sharpshooter (Snake:2)
  A fire crab (Volcano)
  A spectral death yak (Lair:6)
  A spectral anaconda (Lair:6)
  An obsidian statue (Lair:6)
  2 wizards (D:15)
  A death drake (Gauntlet)
  2 naga ritualists (Snake:2)
  3 lindwurms
  4 mana vipers
  7 orc knights
  A deep elf pyromancer (D:15)
  A spectral wolf spider (Gauntlet)
  An orc sorcerer (Orc:2)
  4 necromancers (Lair:6)
  2 wolf spiders
  13 salamanders
  2 cyclopes
  4 ugly things
  2 moths of wrath (Snake:4)
  A spectral centaur (Gauntlet)
  6 guardian serpents
  29 elephants
  21 black mambas
  11 naga magi
  A dire elephant zombie (Lair:6)
  17 cane toads
  2 molten gargoyles (Volcano)
  2 kobold demonologists
  9 komodo dragons
  2 dire elephant skeletons (Lair:6)
  3 freezing wraiths (D:13)
  An efreet (D:15)
  2 yaktaurs (D:14)
  3 rime drakes
  5 trolls
  A queen bee (Gauntlet)
  A polar bear (Lair:6)
  A wind drake (shapeshifter) (D:13)
  9 blink frogs
  10 slime creatures
  A spectral meliai (Gauntlet)
  A spriggan (D:8)
  6 flying skulls (Gauntlet)
  6 wraiths
  3 shadows
  29 yaks
  7 fire bats (Volcano)
  5 wyverns
  5 basilisks
  4 hogs (D:14)
  2 steam dragons (Volcano)
  4 vampire mosquitoes (D:12)
  17 nagas
  7 wargs
  An acid dragon (D:8)
  13 water moccasins
  41 orc warriors
  A swamp drake (Lair:2)
  A sky beast (D:5)
  A necrophage (D:5)
  2 elephant zombies (Lair:6)
  An ice beast (D:8)
  9 ogres
  10 centaurs
  12 wolves
  2 elephant skeletons (Lair:6)
  A phantom (D:5)
  4 kobold brigands
  7 bullfrogs
  A scorpion (D:12)
  Blork the orc (D:5)
  A cane toad simulacrum (Lair:6)
  2 gnoll sergeants
  19 killer bees
  3 howler monkeys
  6 wights
  2 electric eels (Lair:5)
  10 lava snakes
  3 centaur zombies
  2 hounds (D:6)
  2 jellies
  A bullfrog skeleton (D:7)
  A centaur skeleton (D:7)
  17 orc priests
  2 gnoll shamans
  6 iguanas
  17 orc wizards
  A killer bee zombie (D:3)
  8 ogre zombies (D:10)
  14 adders
  22 gnolls
  2 white imps (D:6)
  2 ufetubi
  3 worms
  4 dart slugs
  79 orcs
  3 ball pythons
  2 endoplasms
  4 giant cockroaches
  5 goblins
  8 hobgoblins
  24 kobolds
  3 quokkas
  5 bats (D:1)
  7 frilled lizards
  A goblin skeleton (D:10)
  A goblin zombie (D:10)
  2 hobgoblin skeletons (D:10)
  3 hobgoblin zombies (D:10)
  4 orc skeletons (D:10)
  14 orc zombies (D:10)
  6 rats
788 creatures vanquished.

Vanquished Creatures (others)
  A black mamba (Snake:1)
  51 fungi
  80 plants
  19 withered plants (Lair:6)
151 creatures vanquished.

Grand Total: 939 creatures vanquished

Notes
Turn   | Place    | Note
-------+----------+-------------------------------------------
     0 | D:1      | freelancePsychic the Merfolk Transmuter began the quest for
                  | the Orb.
     0 | D:1      | Reached XP level 1. HP: 15/15 MP: 3/3
   200 | D:1      | Reached skill level 3 in Transmutations
   279 | D:1      | Reached XP level 2. HP: 20/21 MP: 5/5
   440 | D:1      | Reached skill level 1 in Poison Magic
   475 | D:1      | Learned a level 2 spell: Wereblood
  1064 | D:1      | Reached XP level 3. HP: 21/27 MP: 6/6
  2211 | D:2      | Reached XP level 4. HP: 34/34 MP: 7/7
  2536 | D:2      | Reached skill level 4 in Transmutations
  3079 | D:1      | Learned a level 3 spell: Spider Form
  3663 | D:3      | Reached XP level 5. HP: 34/41 MP: 8/8
  3942 | D:3      | Found a faded altar of an unknown god.
  3952 | D:3      | Noticed Grinder
  4230 | D:4      | Found Ysha's Antique Weapon Emporium.
  4377 | D:4      | Found a faded altar of an unknown god.
  4386 | D:4      | Found a hazy altar of Hepliaklqana.
  4521 | D:4      | Noticed an orc warrior
  4613 | D:3      | Found Ebist's Antique Armour Emporium.
  4817 | D:2      | Reached XP level 6. HP: 44/47 MP: 9/9
  5161 | D:3      | Paralysed by Grinder for 2 turns
  5208 | D:3      | Noticed Sigmund
  5398 | D:4      | Killed an orc warrior
  5399 | D:4      | Reached skill level 5 in Transmutations
  5466 | D:4      | Found Hanuosoq's Lightly-Used Armoury.
  5696 | D:5      | Entered Level 5 of the Dungeon
  5814 | D:5      | Reached skill level 5 in Unarmed Combat
  5814 | D:5      | Reached XP level 7. HP: 18/53 MP: 10/10
  5868 | D:5      | Found Dolizaq's Magic Scroll Shop.
  6228 | D:5      | Found Seplycsa's General Store.
  6294 | D:5      | Found Ohuonazi's Armour Boutique.
  6511 | D:5      | Reached skill level 6 in Transmutations
  6633 | D:5      | Reached skill level 5 in Dodging
  6633 | D:5      | Reached skill level 1 in Earth Magic
  6633 | D:5      | Reached XP level 8. HP: 44/61 MP: 11/11
  6725 | D:5      | Found Sast's Distillery.
  6955 | D:6      | Reached skill level 7 in Transmutations
  6976 | D:6      | Identified a scroll of acquirement
  6986 | D:5      | Acquired the +2 hat of the Bear Spirit {Spirit, *Rage
                  | Will++}
  6986 | D:5      | Found the +2 hat of the Bear Spirit {Spirit, *Rage Will++}
  7103 | D:6      | Reached skill level 5 in Fighting
  7230 | D:6      | Reached skill level 1 in Ice Magic
  7337 | D:5      | Learned a level 4 spell: Ice Form
  7541 | D:6      | Noticed Blork the orc
  7568 | D:5      | Killed Blork the orc
  7694 | D:6      | Reached skill level 8 in Transmutations
  7962 | D:6      | Reached XP level 9. HP: 67/67 MP: 13/13
  8624 | D:6      | Reached skill level 9 in Transmutations
  9013 | D:7      | Noticed a rime drake
  9014 | D:7      | Noticed a rime drake
  9015 | D:7      | Noticed a rime drake
  9019 | D:7      | Noticed a rime drake
  9052 | D:7      | Found a sacrificial altar of Ru.
  9061 | D:7      | Became a worshipper of Ru the Awakened
  9073 | D:7      | Identified the +3 chain mail of the Bruised Knaves {Rampage
                  | Regen+ Str+5 Dex-3}
  9094 | D:7      | Found a staircase to the Ecumenical Temple.
  9102 | Temple   | Entered the Ecumenical Temple
  9110 | Temple   | Fell from the grace of Ru
  9110 | Temple   | Became a worshipper of Warmaster Okawaru
  9484 | D:7      | Found a bloodstained altar of Trog.
  9566 | D:5      | Bought a book of the Earth for 396 gold pieces
  9648 | D:8      | Found a glowing golden altar of the Shining One.
  9722 | D:8      | Reached skill level 1 in Invocations
  9972 | D:8      | Reached * piety under Okawaru
  9998 | D:8      | Reached XP level 10. HP: 37/79 MP: 14/14
 10008 | D:8      | Reached skill level 10 in Transmutations
 10910 | D:9      | Learned a level 6 spell: Statue Form
 11042 | D:9      | Reached ** piety under Okawaru
 11136 | D:9      | Reached skill level 11 in Transmutations
 11285 | D:9      | Identified the +3 chain mail "Zuusud" {-Tele rElec Will++
                  | Dex+8}
 11404 | D:9      | Reached skill level 5 in Earth Magic
 11862 | D:10     | Entered Level 10 of the Dungeon
 11920 | D:10     | Found a staircase to the Orcish Mines.
 11947 | D:10     | Reached *** piety under Okawaru
 12026 | D:10     | Reached XP level 11. HP: 89/89 MP: 15/15
 12352 | D:10     | Reached skill level 12 in Transmutations
 12581 | D:10     | You fall into a shaft and drop 2 floors!
 12926 | D:11     | Found a staircase to the Lair.
 13072 | D:11     | Noticed a two-headed ogre
 13083 | D:11     | Killed a two-headed ogre
 13154 | D:11     | Reached **** piety under Okawaru
 13155 | D:11     | Reached skill level 10 in Fighting
 13650 | D:11     | Noticed a two-headed ogre
 13663 | D:11     | Killed a two-headed ogre
 13664 | D:11     | Reached skill level 13 in Transmutations
 13965 | Lair:1   | Entered Level 1 of the Lair of Beasts
 13965 | Lair:1   | Noticed Fannar
 13989 | Lair:1   | Killed Fannar
 14032 | Lair:1   | Noticed a four-headed hydra
 14032 | Lair:1   | Noticed a four-headed hydra
 14051 | Lair:1   | Killed a four-headed hydra
 14051 | Lair:1   | Reached ***** piety under Okawaru
 14055 | Lair:1   | Killed a four-headed hydra
 14065 | Lair:1   | Found a dark tunnel.
 14124 | Volcano  | Entered a volcano
 14416 | Volcano  | Reached XP level 12. HP: 99/99 MP: 16/16
 14683 | Volcano  | Found a burning altar of Makhleb.
 14709 | Volcano  | Received a gift from Okawaru
 14710 | Volcano  | Reached skill level 14 in Transmutations
 14917 | Volcano  | Identified the -6 helmet of the Dice {rF+}
 16220 | Lair:2   | Gained mutation: You have hidden genetic defects.
                  | [mutagenic glow]
 16233 | Lair:2   | Gained mutation: You tend to lose your temper in combat.
                  | [mutagenic glow]
 16239 | Lair:2   | Gained mutation: You are strong-willed. (Will+) [mutagenic
                  | glow]
 16324 | Lair:2   | Received a gift from Okawaru
 16454 | Lair:2   | Found a staircase to the Swamp.
 17132 | Lair:3   | Gained mutation: You are clumsy. (Dex -2) [hidden defects]
 17291 | Lair:3   | Reached XP level 13. HP: 93/109 MP: 10/19
 17391 | Lair:3   | Found a staircase to the Snake Pit.
 17581 | Lair:3   | Reached skill level 5 in Invocations
 17782 | Lair:3   | Reached skill level 5 in Spellcasting
 17845 | Lair:3   | Noticed Gastronok
 17865 | Lair:3   | Killed Gastronok
 17870 | Lair:3   | Gained mutation: Potions are less effective at restoring
                  | your health. [hidden defects]
 17870 | Lair:3   | Lost mutation: You have hidden genetic defects. [hidden
                  | defects expressed]
 18146 | Lair:4   | Reached skill level 15 in Transmutations
 18377 | Lair:4   | Reached ****** piety under Okawaru
 18443 | Lair:4   | Received a gift from Okawaru
 19470 | Lair:4   | Reached XP level 14. HP: 119/119 MP: 15/21
 19480 | Lair:4   | Received a gift from Okawaru
 19779 | Lair:5   | Reached skill level 10 in Unarmed Combat
 20074 | Lair:6   | Entered Level 6 of the Lair of Beasts
 20093 | Lair:6   | Reached skill level 16 in Transmutations
 20097 | Lair:6   | Found a gate leading to a gauntlet.
 20134 | Gauntlet | Entered a Gauntlet
 20134 | Gauntlet | Found a transporter.
 20161 | Gauntlet | Found a transporter.
 20172 | Gauntlet | Found a transporter.
 20177 | Gauntlet | Found a transporter.
 20192 | Gauntlet | Found a transporter.
 20211 | Gauntlet | Found a transporter.
 20219 | Gauntlet | Found a large runed translucent door.
 20220 | Gauntlet | Found a large runed translucent door.
 20221 | Gauntlet | Found a large runed translucent door.
 20221 | Gauntlet | Found a large runed translucent door.
 20222 | Gauntlet | Found a runed translucent gate.
 20223 | Gauntlet | Found a transporter.
 20223 | Gauntlet | Found a runed translucent gate.
 20224 | Gauntlet | Found a runed translucent gate.
 20225 | Gauntlet | Found a large runed translucent door.
 20225 | Gauntlet | Found a large runed translucent door.
 20226 | Gauntlet | Found a large runed translucent door.
 20227 | Gauntlet | Found a large runed translucent door.
 20235 | Gauntlet | Found a transporter.
 20247 | Gauntlet | Found a transporter.
 20253 | Gauntlet | Found a transporter.
 20253 | Gauntlet | Found a transporter.
 20268 | Gauntlet | Found a transporter.
 20274 | Gauntlet | Found a transporter.
 20313 | Gauntlet | Found a transporter.
 20356 | Gauntlet | Found a transporter.
 20356 | Gauntlet | Found a transporter.
 20358 | Gauntlet | Found a transporter.
 20360 | Gauntlet | Found a large runed translucent door.
 20360 | Gauntlet | Found a large runed translucent door.
 20361 | Gauntlet | Found a large runed translucent door.
 20361 | Gauntlet | Found a large runed translucent door.
 20381 | Gauntlet | Found a transporter.
 20419 | Gauntlet | Found a large runed translucent door.
 20419 | Gauntlet | Found a large runed translucent door.
 20419 | Gauntlet | Found a runed translucent door.
 20419 | Gauntlet | Found a runed translucent door.
 20421 | Gauntlet | Found a large runed translucent door.
 20422 | Gauntlet | Found a large runed translucent door.
 20524 | Gauntlet | Identified the +0 cloak "Mevuc" {rElec rPois Dex+2}
 20553 | Gauntlet | Identified the +1 acid dragon scales of Wastruw {rN+ rCorr
                  | Int+6 Dex-4 SInv}
 20553 | Gauntlet | Identified the +5 morningstar "Gorrups" {drain, Int+3}
 20558 | Gauntlet | Identified the +0 leather armour "Mevvin" {rF++ Stlth-}
 20576 | Lair:6   | Noticed a dire elephant
 20576 | Lair:6   | Noticed a dire elephant
 20584 | Lair:6   | Reached skill level 10 in Dodging
 20589 | Lair:6   | Identified the +0 plate armour of the Meadowlark {Dex+7
                  | Stlth+} (Okawaru gifted it to you on level 6 of the Lair of
                  | Beasts)
 20589 | Lair:6   | Received a gift from Okawaru
 20594 | Lair:6   | Noticed a dire elephant
 20601 | Lair:6   | Killed a dire elephant
 20929 | Lair:6   | Found a staircase to the Slime Pits.
 21428 | Lair:6   | Killed a dire elephant
 21433 | Lair:6   | Killed a dire elephant
 21500 | Lair:6   | Reached XP level 15. HP: 127/127 MP: 22/22
 22042 | Orc:1    | Entered Level 1 of the Orcish Mines
 22429 | Orc:2    | Entered Level 2 of the Orcish Mines
 22475 | Orc:2    | Found Ymmoacao's General Store.
 22489 | Orc:2    | Identified the +9 quarterstaff of Heresy {speed, Stlth+}
                  | (Okawaru gifted it to you on level 2 of the Orcish Mines)
 22489 | Orc:2    | Received a gift from Okawaru
 22518 | Orc:2    | Bought a potion of haste for 130 gold pieces
 22613 | Orc:2    | Found Futanuckuy's Jewellery Shop.
 22613 | Orc:2    | Noticed an orc warlord
 22617 | Arena    | Entered the Arena
 22625 | Arena    | Killed an orc warlord
 22626 | Arena    | Reached skill level 17 in Transmutations
 22823 | Orc:2    | Lost mutation: You are clumsy. (Dex -2) [potion of
                  | mutation]
 22823 | Orc:2    | Lost mutation: You tend to lose your temper in combat.
                  | [potion of mutation]
 22823 | Orc:2    | Gained mutation: Your spells are a little harder to cast,
                  | but a little more powerful. [potion of mutation]
 22823 | Orc:2    | Gained mutation: Your movements are slightly less
                  | encumbered by armour. (ER -2) [potion of mutation]
 22950 | Orc:2    | Found Keos's Antique Weapon Shop.
 23162 | Orc:2    | Found a staircase to the Elven Halls.
 23269 | Orc:2    | Found Pyleif's Antique Armour Emporium.
 23852 | D:10     | Found Wira Uff's Distillery.
 23869 | D:10     | Bought a potion of heal wounds for 70 gold pieces
 23869 | D:10     | Bought a potion of heal wounds for 70 gold pieces
 23869 | D:10     | Bought a potion of haste for 140 gold pieces
 23869 | D:10     | Bought a potion of curing for 42 gold pieces
 23869 | D:10     | Bought a potion of curing for 42 gold pieces
 24001 | D:12     | Reached skill level 15 in Fighting
 24278 | D:12     | Found Gedwe's Antique Armour Shoppe.
 24287 | D:12     | Bought a heavily runed scale mail for 279 gold pieces
 24287 | D:12     | Identified the +2 scale mail of Axoaloq {Will+ Str+4 SInv}
                  | (You bought it in a shop on level 12 of the Dungeon)
 24287 | D:12     | Bought a pair of boots for 139 gold pieces
 24776 | D:13     | Noticed Sonja
 24788 | D:13     | Noticed Sonja
 24788 | D:13     | Sonja changed into Sonja the rime drake
 24790 | D:13     | Killed Sonja the rime drake
 25013 | D:13     | Received a gift from Okawaru
 25340 | D:14     | Noticed Kirke
 25380 | D:14     | Killed Kirke
 25518 | D:14     | Found an iron altar of Okawaru.
 25540 | D:14     | Noticed Jorgrun
 25628 | D:14     | Found a gate to the Vaults.
 25748 | D:15     | Entered Level 15 of the Dungeon
 26114 | D:15     | Found a staircase to the Depths.
 26175 | D:15     | Reached XP level 16. HP: 136/136 MP: 23/23
 26218 | D:15     | Found Dexo's Weapon Shoppe.
 26516 | D:15     | Received a gift from Okawaru
 27343 | Snake:1  | Entered Level 1 of the Snake Pit
 28026 | Snake:1  | Reached skill level 15 in Unarmed Combat
 28388 | Snake:2  | Noticed a nagaraja
 28397 | Snake:2  | Killed a nagaraja
 28443 | Snake:2  | Found a shimmering altar of Xom.
 28493 | Snake:2  | Found Tunaes's Weapon Emporium.
 28623 | Snake:2  | Received a gift from Okawaru
 29319 | Snake:3  | Noticed a nagaraja
 29328 | Snake:3  | Killed a nagaraja
 29625 | Snake:3  | Noticed Bai Suzhen
 29639 | Snake:3  | Killed Bai Suzhen
 29640 | Snake:3  | Reached XP level 17. HP: 145/145 MP: 10/24
 29940 | Snake:4  | Entered Level 4 of the Snake Pit
 30055 | Snake:4  | Reached skill level 10 in Earth Magic
 30115 | Snake:4  | Noticed louisi3's ghost (adept TrMo)
 30134 | Snake:4  | Found a transporter.
 30206 | Snake:4  | Killed louisi3's ghost
 30207 | Snake:4  | Reached skill level 1 in Shields
 30226 | Snake:4  | HP: 9/188 [black mamba (16)]
 30227 | Snake:4  | HP: 1/188 [black mamba (17)]
 30227 | Snake:4  | Slain by a shock serpent

Illustrated notes

Levels and vault maps discovered:
D:1:      mrwooster_arrival_arrow, layout_basic, serial_co_window_serial,
          co_window_of_opportunity_a, co_window_corner_a, co_window_paths_a,
          co_window_of_opportunity_a, co_window_paths_b, co_window_paths_b,
          co_window_paths_b, co_window_paths_a, co_window_paths_a,
          co_window_broadway_c, co_window_unsneaky_path_a, co_window_corner_ca,
          glass_columns_b, glass_columns_c, glass_columns_a, glass_columns_b,
          glass_columns_c, st_stairs_5
D:2:      layout_loops_corners, nicolae_figureground_sparkle
D:3:      layout_basic, shapermc_ecumenical_altar_totnotflames, serial_shops,
          shop_fountains, minmay_hedge_maze, kennysheep_generic_room_11,
          uniq_grinder, uniq_crazy_yiuf_cottage, uniq_sigmund
D:4:      layout_loops_ring, beargit_hepliaklqana_dungeon_heroes, serial_shops,
          kennysheep_mini_moat, minmay_shop_damaged, grunt_ministairs_10,
          minmay_strange_pillars, kennysheep_donut
D:5:      layout_cave_pods, serial_shops, nicolae_shop_window_shopping, shop,
          nicolae_shop_competitors_out_of_business, nicolae_lakefront_shop
D:6:      layout_gridville, uniq_blork_the_orc
D:7:      layout_loops_ring, mainiacjoe_overflow_brackets,
          nicolae_ru_path_of_blood, minmay_temple_entry_glassed_door,
          corexii_item_surrounded_by_moat, st_stairs_3,
          hellmonk_guarded_unrand_zhor
D:8:      layout_basic, mainiacjoe_overflow_alcove_1, special_room
          [special_room_orc], the_hattery
D:9:      layout_small_grid, grunt_ogre_cave, minmay_misc_feat_more_columns
D:10:     layout_gridville, zombieorc2_lemuel, solitary_fountain,
          hangedman_abyss_or_decor_passed, kennysheep_diamond
D:11:     layout_stronghold, minmay_lair_entry_grove, roderic_serpentine_path
D:12:     layout_cave_pools, serial_shops, nicolae_shop_stone,
          minmay_fire_ice_demons
D:13:     layout_cave_pools, special_room [special_room_orc], uniq_sonja
D:14:     layout_irregular_city, david_vaults_2, okawaru_metal_pillars_1_2,
          uniq_kirke, uniq_jorgrun
D:15:     grunt_enter_depths_hoard, layout_basic, minmay_misc_feat_columns,
          serial_shops, shop_statue, nicolae_figureground_pulse
Temple:   nicolae_temple_no_exploring_needed
Lair:1:   layout_small_grid, enter_volcano_1, beast_lair_carwin_5,
          grunt_megastairs_4, uniq_fannar
Lair:2:   layout_regular_city, minmay_swamp_entry_reptiles, grunt_megastairs_2
Lair:3:   layout_regular_city, dummy_snake_entry, lemuel_fruit_tree,
          uniq_gastronok
Lair:4:   minmay_lair_venomous_thicket, layout_loops_ring
Lair:5:   layout_gridlike
Lair:6:   due_jungle_book, layout_small_grid, slime_dummy,
          gauntlet_entry_generic, dpeg_oklob_1
Snake:1:  layout_onion
Snake:2:  layout_misc_corridors, basic_altar, serial_shops, shop_statue
Snake:3:  layout_misc_corridors, uniq_bai_suzhen
Snake:4:  snake_pit_salamanders_mu, layout_misc_corridors,
          gammafunk_ghost_berserking_beasts, st_stairs_1, minmay_shop_star,
          uniq_louise
Orc:1:    layout_caves
Orc:2:    grunt_orc_gardens, layout_diamond_mine, grunt_orc_garden,
          grunt_orc_garden, grunt_orc_garden, grunt_orc_garden

Skill      XL: |  1  2  3  4  5  6  7  8  9 10 11 12 13 14 15 16 17 |
---------------+----------------------------------------------------+-----
Transmutations | 3 4 5 6 8 9 11 13 14 15 16 17 | 17.2
Poison Magic   | 1 2 |  2.6
Fighting       | 2 3 4 5 7 9 10 12 13 14 15 16 | 16.5
Dodging        | 3 4 5 6 7 9 10 12 14 | 14.5
Unarmed Combat | 4 5 6 9 11 14 16 | 16.3
Earth Magic    | 1 3 5 7 8 9 10 | 10.0
Ice Magic      | 2 |  2.1
Spellcasting   | 3 4 5 |  5.0
Invocations    | 2 4 5 7 |  7.0
Shields        | 1 |  1.5

Action                   |  1- 3 |  4- 6 |  7- 9 | 10-12 | 13-15 | 16-18 || total
-------------------------+-------+-------+-------+-------+-------+-------++-------
Melee: Unarmed           |   108 |   176 |   395 |   758 |   948 |   437 ||  2822
       Punch             |     3 |       |     1 |    16 |    53 |    30 ||   103
       Headbutt          |     5 |     9 |       |       |       |       ||    14
 Cast: Beastly Appendage |    16 |     6 |     1 |       |       |       ||    23
       Spider Form       |       |    25 |    26 |    16 |     3 |       ||    70
       Wereblood         |       |     2 |       |     2 |     3 |       ||     7
       Ice Form          |       |       |     5 |    14 |       |       ||    19
       Statue Form       |       |       |       |    11 |    68 |    35 ||   114
Invok: Heroism           |       |       |     1 |    10 |    11 |     6 ||    28
       Finesse           |       |       |       |       |     1 |     3 ||     4
       Duel              |       |       |       |       |     1 |       ||     1
 Abil: End Transformatio |       |     1 |     4 |     3 |     5 |     1 ||    14
Evoke: Wand              |       |       |       |     5 |     3 |     4 ||    12
  Use: Potion            |       |     4 |       |       |     3 |     3 ||    10
       Scroll            |       |     2 |     7 |     4 |    15 |     4 ||    32
 Stab: Sleeping          |     2 |     1 |     3 |       |       |       ||     6
       Distracted        |       |     1 |       |       |       |     1 ||     2
Armor: Robe              |    38 |     3 |    40 |    69 |       |       ||   150
       Skin              |       |     4 |    30 |   129 |   692 |   286 ||  1141
       Steam dragon scal |       |       |       |     6 |    51 |    16 ||    73
Dodge: Dodged            |    55 |   155 |   330 |   630 |  1251 |   741 ||  3162

Table legend: (Time is in decaauts)
 A = Elapsed time spent in this place.
 B = Non-inter-level travel time spent in this place.
 C = Inter-level travel time spent in this place.
 D = Time resting spent in this place.
 E = Time spent auto-exploring this place.
 F = Levels seen in this place.
 G = Mean time per level.
                   A        B        C        D        E       F      G
               +--------+--------+--------+--------+--------+-----+--------+
         Total |  32670 |  31395 |   1275 |   5179 |  19453 |  31 | 1053.9 |
       Dungeon |  18420 |  17603 |    817 |   2688 |  11456 |  15 | 1228.0 |
        Temple |     15 |      8 |      7 |      0 |      0 |   1 |   15.0 |
          Lair |   7683 |   7325 |    358 |   1483 |   4368 |   6 | 1280.5 |
     Snake Pit |   3220 |   3161 |     59 |    209 |   2191 |   4 |  805.0 |
  Orcish Mines |   1717 |   1684 |     33 |    316 |    921 |   2 |  858.5 |
       Volcano |   1073 |   1073 |      0 |    440 |    298 |   1 | 1073.0 |
      Gauntlet |    515 |    515 |      0 |     32 |    217 |   1 |  515.0 |
         Arena |     24 |     24 |      0 |      8 |      0 |   1 |   24.0 |
               +--------+--------+--------+--------+--------+-----+--------+

Top non-repeatable levels by time:
     D:1: 1942 daAuts
    D:15: 1731 daAuts
  Lair:6: 1692 daAuts
     D:2: 1553 daAuts
     D:6: 1503 daAuts
  Lair:3: 1445 daAuts
     D:5: 1425 daAuts
     D:4: 1395 daAuts
  Lair:1: 1273 daAuts
   Orc:2: 1264 daAuts
    D:10: 1256 daAuts
     D:8: 1212 daAuts
    D:11: 1130 daAuts
  Lair:5: 1112 daAuts
  Lair:4: 1110 daAuts
